 Dungeon Crawl Stone Soup version 0.23.2-1-ga50397a (webtiles) character file.

Game seed: 18086162068428281874

58 IBeShadow the Insei (level 4, -3/29 HPs)
             Began as an Octopode Transmuter on May 22, 2019.
             Slain by a gnoll
             ... wielding a cursed -1 spear
              (9 damage)
             ... on level 2 of the Dungeon.
             The game lasted 00:01:56 (1682 turns).

IBeShadow the Insei (Octopode Transmuter)           Turns: 1682, Time: 00:01:57

Health: -3/29      AC:  1    Str:  9    XL:     4   Next: 2%
Magic:  2/7        EV: 14    Int: 15    God:
Gold:   36         SH:  0    Dex: 13    Spells: 4/7 levels left

rFire    . . .     SeeInvis .     - Unarmed
rCold    . . .     Gourm    .   (no shield)
rNeg     . . .     Faith    .   (helmet restricted)
rPois    .         Spirit   .   (no amulet)
rElec    .         Reflect  .   (no ring)
rCorr    .         Harm     .   (no ring)
MR       .....                  (no ring)
Stlth    +++.......             (no ring)
HPRegen  0.09/turn              (no ring)
MPRegen  0.10/turn              (no ring)
                                (no ring)
                                (no ring)

@: no status effects
A: almost no armour, stealthy swim, amphibious, 8 rings, constrict 8, camouflage
1, gelatinous body 1
a: no special abilities


You were on level 2 of the Dungeon.
You were hungry.

You visited 1 branch of the dungeon, and saw 2 of its levels.

You collected 36 gold pieces.

Inventory:

Missiles
 a - 35 arrows
Scrolls
 g - a scroll of teleportation {unknown}
 h - a scroll of enchant armour {unknown}
 i - a scroll of enchant weapon {unknown}
 j - a scroll of blinking {unknown}
Potions
 b - a potion of lignification {unknown}
 d - a potion of curing {unknown}
 e - a potion of magic {unknown}
 k - a potion of berserk rage {unknown}
Comestibles
 c - 5 rations
 f - 2 chunks of flesh


   Skills:
 + Level 1.8 Fighting
 + Level 2.5 Dodging
 + Level 2.0 Stealth
 + Level 3.3 Unarmed Combat
 - Level 2.0 Spellcasting
 + Level 2.5 Transmutations


You had 4 spell levels left.
You knew the following spells:

 Your Spells              Type           Power        Failure   Level  Hunger
a - Beastly Appendage     Tmut           #.....       8%          1    #......
b - Sticks to Snakes      Tmut           #.......     12%         2    ###....

Your spell library contained the following spells:

 Spells                   Type           Power        Failure   Level  Hunger
 Spider Form              Tmut/Pois      #.........   36%         3    ###....
 Ice Form                 Ice/Tmut       #.......     78%         4    #####..
 Blade Hands              Tmut           #.........   91%         5    ######.


Dungeon Overview and Level Annotations

Branches:
Dungeon (2/15)

Altars:


Innate Abilities, Weirdness & Mutations

You cannot wear most types of armour.
You are very stealthy in the water. (Stealth+)
You are amphibious.
You can wear up to eight rings at the same time.
You can use your tentacles to constrict eight enemies at once.
Your skin changes colour to match your surroundings (Stealth+).
Your rubbery body absorbs attacks. (AC +1, EV +1)


Message History

Your Stealth skill increases to level 2!
You have reached level 4!
The gnoll hits you but does no damage. The gnoll misses you.
You closely miss the gnoll. You grab the gnoll. You squeeze the gnoll.
The gnoll is moderately wounded.
You constrict the gnoll, but do no damage.
The gnoll hits you with a cursed -1 spear!
* * * LOW HITPOINT WARNING * * *
You barely miss the gnoll.
The gnoll is moderately wounded.
You constrict the gnoll. The gnoll misses you.
You tentacle-slap the gnoll.
The gnoll is severely wounded.
You constrict the gnoll. The gnoll closely misses you.
You tentacle-slap the gnoll.
The gnoll is almost dead.
You constrict the gnoll.
The gnoll hits you with a cursed -1 spear!
You die...

...........................$.....
.#####.#####.############.#######
.# #.# #.##...........# .# #.#
#.##...........#
.#####+#####.##.......)...#
.#...........##...........#
.#...........##...........+
.#....[......##..g........# ####
.#...........##.@.........# #...
.............##...........# #...
....)........############## ###.
##...........# #. #.#########.#
#####. #.# #.# #..... #.#
#.####### #####.###. #.##
#.#.....# #...#.# #. #..#
#.#.....# #.#.#.####


You could see a gnoll.

Vanquished Creatures
  An adder (D:2)
  2 gnolls (D:2)
  A worm (D:2)
  A dart slug (D:1)
  2 leopard geckos
  3 ball pythons
  A giant cockroach (D:1)
  2 goblins
  2 hobgoblins (D:2)
  A quokka (D:2)
  5 bats
  A frilled lizard (D:2)
  4 kobolds
  2 rats
28 creatures vanquished.

Notes
Turn   | Place    | Note
-------+----------+-------------------------------------------
     0 | D:1      | IBeShadow the Octopode Transmuter began the quest for the
                  | Orb.
     0 | D:1      | Reached XP level 1. HP: 13/13 MP: 3/3
   180 | D:1      | Reached XP level 2. HP: 18/18 MP: 5/5
   282 | D:1      | Reached skill level 1 in Stealth
  1067 | D:2      | Reached XP level 3. HP: 17/23 MP: 6/6
  1654 | D:2      | Learned a level 2 spell: Sticks to Snakes
  1677 | D:2      | Reached XP level 4. HP: 14/29 MP: 1/7
  1682 | D:2      | Slain by a gnoll

Skill      XL: |  1  2  3 |
---------------+----------+-----
Stealth        | 1 2 |  2.0
Fighting       | |  1.8
Dodging        | |  2.5
Unarmed Combat | |  3.3
Spellcasting   | |  2.0
Transmutations | |  2.5

Action                   |  1- 3 |  4- 6 || total
-------------------------+-------+-------++-------
Melee: Unarmed           |    63 |     4 ||    67
       Constrict         |    17 |     1 ||    18
       Tentacles         |    14 |     1 ||    15
       Punch             |     1 |       ||     1
 Cast: Sticks to Snakes  |     3 |       ||     3
 Stab: Sleeping          |     9 |       ||     9
  Eat: Chunk             |     2 |       ||     2
Armor: Skin              |     2 |       ||     2
Dodge: Dodged            |    36 |     3 ||    39
